AoeStats
← ska_18

Black Forest

504962672Analyzed
3v3 RM · 26d ago on Sep 7, 2026· 43m 54s· 6 players
Game mode
Random Map
Map size
Normal (6 player)
Population
200
Speed
Normal
Resources
Standard
Victory
Conquest
Starting age
Dark Age
Ending age
Imperial Age
RankedLock teamsTeams togetherTeam positionsShared explorationLock speedFull tech treeHidden civsTurbo modeCheats
Victory
Defeat
🇫🇮 Koreans · Finland
1314
+4
🇦🇹 Saracens · Austria
1076
+10
🇮🇪 Celts · Ireland
1054
+11
🇻🇳 Khitans · Vietnam
1008
-10
🇻🇳 Franks · Vietnam
946
-8
🇻🇳 Britons · Vietnam
907
-7
7777777
0:29 Loom
14:29 Feudal Age
15:12 Double-Bit Axe
15:21 Stone Mining
15:23 Gold Mining
15:31 Gold Mining
16:20 Fletching
17:41 Fishing Lines
23:40 Castle Age
23:36 Horse Collar
24:54 Bodkin Arrow
37:36 Imperial Age
35:58 Bow Saw
35:53 Heavy Plow
38:41 Bracer
39:47 Two-Man Saw
42:30 Wheelbarrow
42:53 Stone Shaft Mining
42:36 Scale Mail Armor
42:46 Forging
42:36 Heavy Rocket Cart
43:02 Capped Ram
43:49 Squires
43:10 Elite Fire Lancer
44:44 Gold Shaft Mining
44:26 Masonry
44:36 Ballistics
redjumper99
5:41 Loom
14:28 Feudal Age
15:07 Double-Bit Axe
20:31 Stone Mining
22:50 Castle Age
21:06 Fishing Lines
21:26 Gold Mining
24:13 Wheelbarrow
23:51 Bow Saw
24:42 Stone Shaft Mining
26:04 Gillnets
27:48 Gold Shaft Mining
28:24 Hand Cart
29:13 Horse Collar
29:39 Caravan
30:52 Fervor
33:42 Sanctity
33:59 Devotion
33:55 Herbal Medicine
37:41 Imperial Age
35:15 Scale Mail Armor
37:03 Heavy Plow
37:54 Forging
38:00 Chain Mail Armor
38:46 Stronghold
40:02 Iron Casting
38:57 Onager
40:44 Conscription
40:25 Arrowslits
40:41 Siege Onager
41:42 Elite Woad Raider
ska_18
1:03 Loom
13:53 Feudal Age
17:18 Double-Bit Axe
19:51 Castle Age
18:14 Horse Collar
21:58 Wheelbarrow
21:09 Town Watch
21:44 Bow Saw
23:57 Heavy Plow
27:54 Gold Mining
27:54 Stone Mining
29:00 Hand Cart
28:31 Town Watch
31:19 Gold Shaft Mining
30:55 Forging
30:51 Scale Barding Armor
30:37 Fletching
33:31 Caravan
36:24 Imperial Age
33:59 Town Patrol
34:17 Fervor
35:26 Coinage
35:43 Iron Casting
35:04 Bodkin Arrow
35:43 Treadmill Crane
36:00 Murder Holes
37:00 Masonry
38:28 Chemistry
38:50 Two-Man Saw
38:52 Blast Furnace
38:12 Chain Barding Armor
38:05 Bloodlines
37:55 Husbandry
37:24 Light Cavalry
39:33 Two-Man Saw
39:18 Conscription
38:19 Elite Mameluke
39:09 Bimaristan
42:03 Hoardings
44:48 Sanctity
TyTy
0:39 Loom
12:00 Feudal Age
12:48 Double-Bit Axe
19:57 Castle Age
19:50 Stone Mining
19:53 Gold Mining
24:54 Bow Saw
35:32 Padded Archer Armor
35:22 Fletching
35:43 Forging
41:59 Imperial Age
44:33 Two-Man Saw
piipii.1402
1:00 Loom
15:50 Feudal Age
23:37 Double-Bit Axe
27:36 Castle Age
kyokiroto
0:49 Loom
13:19 Feudal Age
17:50 Castle Age
18:09 Double-Bit Axe
20:02 Fishing Lines
24:12 Bow Saw
27:20 Gillnets
28:42 Gold Mining
28:44 Stone Mining
29:21 Domestication
33:33 Imperial Age
31:45 Wheelbarrow
31:59 Stone Shaft Mining
32:57 Hand Cart
33:53 Pastoralism
34:01 Lamellar Armor
35:02 Conscription
34:06 Capped Ram
35:06 Scale Mail Armor
35:17 Forging
35:09 Squires
34:54 Arson
34:56 Siege Ram
35:25 Elite Liao Dao
37:09 Chain Mail Armor
37:29 Iron Casting
38:33 Plate Mail Armor
Connection lost

Rejoining the realm…

Still unreachable

The connection could not be restored.

Session expired

The server has moved on; the page needs a fresh start.